 Dungeon Crawl Stone Soup version 0.29-a0-284-gf9362112df (webtiles) character file.

Game seed: 11109967791081968198

9933 siradein the Nimble (level 11, -1/75 HPs)
             Began as a Merfolk Summoner on Mar 31, 2022.
             Was an Elder of Hepliaklqana.
             Slain by an anaconda simulacrum (8 damage)
             ... in an ice cave on Apr 1, 2022.
             The game lasted 00:47:44 (13010 turns).

siradein the Nimble (Merfolk Summoner)             Turns: 13010, Time: 00:47:45

Health: -1/75      AC: 17    Str:  9    XL:     11   Next: 54%
Magic:  11/20      EV: 13    Int: 19    God:    Hepliaklqana [****..]
Gold:   660        SH:  5    Dex: 14    Spells: 2/23 levels left

rFire   x . .      SeeInvis .   F - +2 trident (vamp)
rCold   + . .      Faith    .   (no shield)
rNeg    . . .      Spirit   .   i - +4 ring mail "Cates" {rPois}
rPois   +          Reflect  +   e - +0 helmet
rElec   .          Harm     .   f - +0 cloak
rCorr   .          Rampage  .   j - +1 pair of gloves
Will    .....                   x - +2 pair of boots
Stlth   +.........              v - amulet of reflection
HPRegen 0.22/turn               a - ring of ice
MPRegen 0.17/turn               (no ring)

@: no status effects
A: reduced essence, (nimble swimmer 2), mertail
a: Renounce Religion, Recall Ancestor, Ancestor Identity, Transference, Idealise


You were in an ice cave.
You worshipped Hepliaklqana.
Hepliaklqana was greatly pleased with you.
You visited 2 branches of the dungeon, and saw 12 of its levels.
You also visited: Ossuary and Ice Cave.

You collected 660 gold pieces.

Inventory:

Hand Weapons
 F - a +2 vampiric trident (weapon)
Missiles
 u - 2 throwing nets
Armour
 e - a +0 helmet (worn)
 f - a +0 cloak (worn)
 i - the +4 ring mail "Cates" (worn) {rPois}
   (You found it on level 7 of the Dungeon)

   rPois:     It protects you from poison.
 j - a +1 pair of gloves (worn)
 x - a +2 pair of boots (worn)
Jewellery
 a - a ring of ice (left hand)
 v - an amulet of reflection (around neck)
Wands
 m - a wand of polymorph (11)
 w - a wand of flame (26)
 A - a wand of acid (22)
Scrolls
 c - 2 scrolls of vulnerability
 g - 2 scrolls of enchant weapon
 k - 2 scrolls of silence {unknown}
 l - 5 scrolls of blinking
 n - 3 scrolls of magic mapping {unknown}
 r - 4 scrolls of teleportation
 t - 3 scrolls of fog {unknown}
 y - 2 scrolls of amnesia {unknown}
 H - a scroll of fear {unknown}
 I - a scroll of holy word {unknown}
 J - a scroll of torment {unknown}
Potions
 b - 5 potions of magic
 d - 6 potions of lignification
 h - 4 potions of heal wounds
 o - a potion of mutation {unknown}
 p - 2 potions of berserk rage {unknown}
 q - 2 potions of invisibility {unknown}
 s - 4 potions of curing
 z - 3 potions of brilliance {unknown}
 B - 2 potions of ambrosia {unknown}
 C - a potion of might {unknown}
 D - 3 potions of degeneration {unknown}
 E - a potion of attraction {unknown}
 G - a potion of cancellation {unknown}


   Skills:
 + Level 7.5 Fighting
 + Level 8.6 Polearms
 + Level 2.6 Armour
 + Level 9.5 Dodging
 - Level 2.1 Stealth
 + Level 6.6 Spellcasting
 * Level 9.2 Summonings
 - Level 5.0 Ice Magic
 + Level 4.1 Air Magic


You had 2 spell levels left.
You knew the following spells:

 Your Spells              Type           Power      Damage    Failure   Level
a - Call Imp              Summ           41%        N/A       1%          2
b - Summon Ice Beast      Ice/Summ       49%        N/A       16%         4
c - Call Canine Familiar  Summ           41%        N/A       1%          3
d - Summon Small Mammal   Summ           100%       N/A       1%          1
e - Summon Lightning Spi  Summ/Air       31%        N/A       19%         4
f - Summon Hydra          Summ           20%        N/A       99%         7

Your spell library contained the following spells:

 Spells                   Type           Power      Damage    Failure   Level
 Corpse Rot               Necr/Air       28%        N/A       19%         2
 Poisonous Vapours        Pois/Air       28%        N/A       19%         2
 Scorch                   Fire           12%        2d6       41%         2
 Sublimation of Blood     Necr           6%         N/A       41%         2
 Wereblood                Tmut           6%         N/A       41%         2
 Frozen Ramparts          Ice            74%        1d9       11%         3
 Summon Guardian Golem    Hex/Summ       23%        N/A       13%         3
 Summon Cactus Giant      Summ           20%        N/A       69%         6
 Ice Form                 Ice/Tmut       23%        N/A       71%         4
 Animate Dead             Necr           3%         N/A       96%         4
 Flame Wave               Conj/Fire      6%         2d5       96%         4
 Borgnjor's Vile Clutch   Necr/Erth      3%         N/A       100%        5
 Death Channel            Necr           3%         N/A       100%        6


Dungeon Overview and Level Annotations

Branches:
Dungeon (11/15)            Temple (1/1) D:4            Lair (0/6) D:10
    Orc (0/2) D:9         Ossuary (visited)           IceCv (1/1)

Altars:
Ashenzari
Cheibriados
Dithmenos
Elyvilon
Fedhas
Gozag
Hepliaklqana
Kikubaaqudgha
Makhleb
Nemelex Xobeh
Okawaru
Qazlal
Ru
Sif Muna
Trog
Uskayaw
Vehumet
Wu Jian
Xom
Yredelemnul
Zin
The Shining One


Innate Abilities, Weirdness & Mutations

Your life essence is reduced to manifest your ancestor. (-10% HP)
((You are very nimble when in or above water. (Stealth+, EV+, Speed+++)))
Your lower body shifts to a powerful aquatic tail in water.


Message History

The anaconda simulacrum constricts you.
Your wolf bites the entropy weaver simulacrum.
Unknown command.
You hit the anaconda simulacrum but do no damage.
The anaconda simulacrum is lightly damaged.
The anaconda simulacrum bites you but does no damage.
The anaconda simulacrum constricts you.
Your wolf bites the entropy weaver simulacrum.
The entropy weaver simulacrum hits you but does no damage.
The entropy weaver simulacrum closely misses you.
You block the entropy weaver simulacrum's attack.
The entropy weaver simulacrum hits you.
The entropy weaver simulacrum freezes you!
You resist.
Unknown command.
Casting: Call Canine Familiar (safe; 1% risk of failure)
Confirm with . or Enter, or press ? or * to list all spells.
You feel a surge of power! A chill wind blows around you.
The anaconda simulacrum closely misses you.
The anaconda simulacrum constricts you.
Your wolf bites the entropy weaver simulacrum but does no damage.
The anaconda simulacrum bites you. The anaconda simulacrum freezes you!
You resist. The anaconda simulacrum constricts you.
The entropy weaver simulacrum hits you!
The entropy weaver simulacrum freezes you!
You resist.
The entropy weaver simulacrum barely misses you.
The entropy weaver simulacrum hits you.
* * * LOW HITPOINT WARNING * * *
The entropy weaver simulacrum freezes you!
You resist.
* * * LOW HITPOINT WARNING * * *
The entropy weaver simulacrum hits you but does no damage.
Your wolf barely misses the entropy weaver simulacrum.
You escape the anaconda simulacrum's grasp.
The anaconda simulacrum attacks as you move away!
The anaconda simulacrum bites you.
* * * LOW HITPOINT WARNING * * *
The anaconda simulacrum freezes you! You resist.
You die...

#####
###Y..##
##......#
##Z@.##..#
#.Zh##...#
#...####..##
#...# ##...#
##.. #....#
#. ##..∩# ##
#∩..## #####


You could see an anaconda simulacrum, an entropy weaver simulacrum (ally
target), a friendly ice beast (summoned) and a friendly wolf (summoned).

Vanquished Creatures
  2 two-headed ogres
  7 yaks
  A wyvern (D:8)
  A shadow (D:10)
  A sky beast (D:6)
  An orc warrior (D:10)
  2 centaurs
  A phantom (D:4)
  3 bullfrogs
  A gnoll sergeant (D:8)
  A scorpion (D:7)
  A water moccasin zombie (Ossuary)
  12 wights
  A killer bee (D:8)
  2 howler monkeys
  A jelly (D:4)
  2 hounds (D:4)
  An iron imp (D:8)
  Crazy Yiuf (D:2)
  2 orc wizards (D:7)
  An iguana (D:5)
  A mummy (Ossuary)
  5 gnolls
  An adder (D:3)
  8 white imps
  An ufetubus (D:5)
  5 adder zombies (Ossuary)
  A dart slug (D:1)
  A worm (D:3)
  14 orcs
  A bat (D:1)
  A giant cockroach (D:4)
  3 gnoll zombies (Ossuary)
  11 goblins
  5 hobgoblins
  A jackal (D:2)
  A quokka (D:2)
  A ball python (D:2)
  4 kobolds
  2 kobold zombies (Ossuary)
  5 orc zombies
  2 rats
119 creatures vanquished.

Vanquished Creatures (collateral kills)
  Erolcha (D:10)
  2 two-headed ogres
  6 yaks
  A basilisk (D:10)
  A wyvern (D:7)
  A wraith (D:9)
  4 sky beasts
  Pargi (D:4)
  A black bear (D:4)
  A gnoll sergeant (D:10)
  A necrophage (D:6)
  3 scorpions
  5 water moccasin zombies (Ossuary)
  2 bullfrogs (D:7)
  8 wights
  5 killer bees (D:8)
  2 jellies
  4 orc priests
  Jessica (D:2)
  An iguana (D:4)
  2 orc wizards
  Natasha (D:2)
  A polar bear simulacrum (IceCv)
  A mummy (Ossuary)
  Robin (D:3)
  A gnoll (D:10)
  6 adders
  2 shadow imps
  9 white imps
  An adder zombie (Ossuary)
  A worm (D:4)
  3 dart slugs
  8 orcs
  3 ball pythons (D:4)
  6 hobgoblins
  A jackal (D:2)
  A quokka (D:4)
  A frilled lizard (D:1)
  A gnoll zombie (Ossuary)
  4 goblins
  2 hobgoblin zombies (Ossuary)
  3 kobolds
  A kobold zombie (Ossuary)
  An orc zombie (Ossuary)
  2 rats
114 creatures vanquished.

Vanquished Creatures (others)
  An ancestor (D:5)
  8 hexers
  A fungus (D:3)
  10 plants
20 creatures vanquished.

Grand Total: 253 creatures vanquished

Notes
Turn   | Place    | Note
-------+----------+-------------------------------------------
     0 | D:1      | siradein the Merfolk Summoner began the quest for the Orb.
     0 | D:1      | Reached XP level 1. HP: 13/13 MP: 3/3
   205 | D:1      | You fall into a shaft and drop 1 floor!
   305 | D:1      | Found a faded altar of an unknown god.
   518 | D:1      | Reached XP level 2. HP: 20/20 MP: 3/5
   521 | D:1      | Learned a level 2 spell: Call Imp
  1041 | D:1      | Reached skill level 1 in Fighting
  1635 | D:2      | Noticed Jessica
  1648 | D:2      | Killed Jessica
  1649 | D:2      | Reached XP level 3. HP: 20/26 MP: 3/6
  1694 | D:2      | Reached XP level 4. HP: 30/33 MP: 5/7
  1752 | D:2      | Noticed Natasha
  1758 | D:2      | Killed Natasha
  2406 | D:2      | Found a runed translucent door.
  2407 | D:2      | Noticed Crazy Yiuf
  2460 | D:3      | Noticed Robin
  2494 | D:3      | Found a blossoming altar of Fedhas.
  2510 | D:3      | Killed Robin
  2512 | D:3      | Reached XP level 5. HP: 28/38 MP: 7/9
  2523 | D:3      | Learned a level 3 spell: Call Canine Familiar
  3125 | D:4      | Noticed a black bear
  3177 | D:4      | Reached skill level 1 in Polearms
  3211 | D:4      | Learned a level 4 spell: Summon Ice Beast
  3392 | D:4      | Noticed a phantom
  3419 | D:4      | Killed a phantom
  3420 | D:4      | Reached XP level 6. HP: 33/46 MP: 10/10
  3444 | D:4      | Killed a black bear
  3445 | D:4      | Reached skill level 5 in Summonings
  3445 | D:4      | Reached skill level 1 in Ice Magic
  3957 | D:4      | Reached XP level 7. HP: 52/52 MP: 12/12
  4035 | D:4      | Found a staircase to the Ecumenical Temple.
  4060 | Temple   | Entered the Ecumenical Temple
  4265 | Temple   | Became a worshipper of Hepliaklqana the Forgotten
  4420 | D:4      | Reached skill level 5 in Dodging
  4655 | D:4      | Noticed Pargi
  4667 | D:4      | Killed Pargi
  4883 | D:4      | Found an ancient bone altar of Kikubaaqudgha.
  4926 | D:5      | Entered Level 5 of the Dungeon
  5200 | D:5      | Reached * piety under Hepliaklqana
  5309 | D:5      | Reached XP level 8. HP: 54/54 MP: 9/14
  6327 | D:6      | Reached skill level 5 in Polearms
  6367 | D:6      | Found an iron altar of Okawaru.
  6369 | D:6      | Found an ornate altar of the Wu Jian Council.
  6763 | D:6      | Found a sparkling altar of Nemelex Xobeh.
  6921 | D:7      | Reached ** piety under Hepliaklqana
  6922 | D:7      | Remembered your ancestor Master Baiter as a hexer
  7021 | D:7      | Found a shimmering blue altar of Sif Muna.
  7021 | D:7      | Found a white marble altar of Elyvilon.
  7102 | D:7      | Reached XP level 9. HP: 52/60 MP: 12/16
  7107 | D:7      | Learned a level 4 spell: Summon Lightning Spire
  7182 | D:7      | Reached skill level 5 in Fighting
  7483 | D:7      | Reached skill level 1 in Air Magic
  7492 | D:7      | Identified the +4 ring mail "Cates" {rPois}
  7553 | D:7      | Reached skill level 5 in Spellcasting
  8310 | D:8      | Found a snail-covered altar of Cheibriados.
  8366 | D:8      | Found a sand-covered staircase.
  8376 | Ossuary  | Entered an ossuary
  8547 | Ossuary  | Reached skill level 5 in Ice Magic
  8759 | D:8      | Reached XP level 10. HP: 64/68 MP: 14/18
  8824 | D:8      | Found a burning altar of Makhleb.
  8824 | D:8      | Found a glowing silver altar of Zin.
  8825 | D:8      | Noticed an angel
  8825 | D:8      | Noticed a cacodemon
  9060 | D:8      | Reached *** piety under Hepliaklqana
  9667 | D:9      | Found a staircase to the Orcish Mines.
  9835 | D:9      | Noticed a two-headed ogre
  9855 | D:9      | Killed a two-headed ogre
  9856 | D:9      | Reached skill level 1 in Armour
 10020 | D:9      | Reached **** piety under Hepliaklqana
 10435 | D:10     | Entered Level 10 of the Dungeon
 11026 | D:10     | Noticed a two-headed ogre
 11062 | D:10     | Killed a two-headed ogre
 11063 | D:10     | Reached XP level 11. HP: 62/75 MP: 6/20
 11084 | D:10     | Learned a level 7 spell: Summon Hydra
 11429 | D:2      | Killed Crazy Yiuf
 11700 | D:10     | Found a staircase to the Lair.
 12028 | D:10     | Noticed a two-headed ogre
 12039 | D:10     | Killed a two-headed ogre
 12204 | D:10     | Noticed Erolcha
 12222 | D:10     | Killed Erolcha
 12811 | D:11     | Noticed a two-headed ogre
 12820 | D:11     | Killed a two-headed ogre
 12890 | D:11     | Found a frozen archway.
 12929 | IceCv    | Entered an ice cave
 13010 | IceCv    | Slain by an anaconda simulacrum

Illustrated notes

Levels and vault maps discovered:
D:1:      erik_arrival_cave_to_civilisation [erik_arrival_cave_to_hall],
          layout_basic, ebering_ecumenical_altar_hall, chequers_decorated_corner
D:2:      layout_loops_ring, uniq_crazy_yiuf_cottage, uniq_natasha, uniq_jessica
D:3:      layout_rooms, fedhas_altar_3, uniq_robin
D:4:      minmay_opposing_rooms, layout_rooms, mainiacjoe_overflow_alcove_4,
          minmay_temple_entry_slanted, kennysheep_generic_room_12, uniq_pargi
D:5:      layout_basic
D:6:      layout_rooms, nemelex_diamond_rough_becter,
          mainiacjoe_overflow_catwalk_spiral, serial_glass, glass_columns_b,
          glass_columns_b, feat_on_display, due_unseen_surprise,
          chequers_serial_rivers_large_b
D:7:      nicolae_cairo_tiling_very_big, layout_cave_pods,
          mainiacjoe_overflow_catch_the_wave
D:8:      layout_basic, grunt_temple_overflow_order_and_chaos_2,
          chei_slow_surprise, enter_ossuary_3
D:9:      layout_stronghold, orc_0_dummy
D:10:     layout_stronghold, lair_entry_dummy, kennysheep_generic_room_7,
          uniq_erolcha
D:11:     layout_irregular_city, serial_rivers, chequers_serial_rivers_micro_a,
          chequers_serial_rivers_small_3, chequers_serial_rivers_micro_a,
          chequers_serial_rivers_micro_b, chequers_serial_rivers_small_b,
          portal_ice_cave_entry_imps, nicolae_evil_shop
Temple:   hc_temple_tempest_star
IceCv:    ice_cave_caverns_03

Skill      XL: |  1  2  3  4  5  6  7  8  9 10 11 |
---------------+----------------------------------+-----
Dodging        | 3 4 5 6 7 9 |  9.5
Fighting       | 1 2 3 4 6 7 |  7.5
Polearms       | 2 4 5 6 8 |  8.6
Spellcasting   | 3 4 5 6 |  6.6
Summonings     | 5 6 7 8 9 |  9.2
Ice Magic      | 1 2 3 5 |  5.0
Air Magic      | 2 3 4 |  4.1
Armour         | 1 2 |  2.6
Stealth        | |  2.1

Action                   |  1- 3 |  4- 6 |  7- 9 | 10-12 || total
-------------------------+-------+-------+-------+-------++-------
Melee: Short sword       |    62 |     4 |       |       ||    66
       Unarmed           |     2 |       |       |       ||     2
       Punch             |     1 |       |       |       ||     1
       Trident           |       |   112 |   192 |   211 ||   515
       Halberd           |       |       |   115 |    48 ||   163
 Cast: Summon Small Mamm |     5 |       |       |       ||     5
       Call Imp          |     9 |    16 |     8 |     7 ||    40
       Call Canine Famil |       |     2 |    44 |    30 ||    76
       Summon Ice Beast  |       |       |       |     1 ||     1
Invok: Ancestor Identity |       |       |     2 |       ||     2
       Recall Ancestor   |       |       |     1 |     2 ||     3
       Ancestor Life: He |       |       |     1 |       ||     1
  Use: Scroll            |     3 |     1 |     3 |       ||     7
 Stab: Sleeping          |     1 |     3 |     3 |     1 ||     8
       Distracted        |       |     4 |     5 |     6 ||    15
       Confused          |       |       |     2 |     3 ||     5
Armor: Leather armour    |    24 |    62 |    26 |       ||   112
       Troll leather arm |       |       |    19 |       ||    19
       Ring mail         |       |       |    38 |    57 ||    95
Dodge: Dodged            |    43 |    93 |   141 |    98 ||   375
Block: Other             |       |       |    34 |    31 ||    65
       Reflection        |       |       |       |     2 ||     2

Table legend: (Time is in decaauts)
 A = Elapsed time spent in this place.
 B = Non-inter-level travel time spent in this place.
 C = Inter-level travel time spent in this place.
 D = Time resting spent in this place.
 E = Time spent auto-exploring this place.
 F = Levels seen in this place.
 G = Mean time per level.
                   A        B        C        D        E       F      G
               +--------+--------+--------+--------+--------+-----+--------+
         Total |  13060 |  12196 |    864 |    259 |   9508 |  14 |  932.9 |
       Dungeon |  12508 |  11644 |    864 |    259 |   9139 |  11 | 1137.1 |
        Temple |    217 |    217 |      0 |      0 |    176 |   1 |  217.0 |
       Ossuary |    255 |    255 |      0 |      0 |    141 |   1 |  255.0 |
      Ice Cave |     79 |     79 |      0 |      0 |     52 |   1 |   79.0 |
               +--------+--------+--------+--------+--------+-----+--------+

Top non-repeatable levels by time:
     D:4: 1616 daAuts
     D:1: 1504 daAuts
     D:9: 1472 daAuts
    D:10: 1447 daAuts
     D:8: 1269 daAuts
     D:7: 1264 daAuts
     D:5: 1170 daAuts
     D:2: 1038 daAuts
     D:6: 814 daAuts
     D:3: 769 daAuts
 Ossuary: 255 daAuts
  Temple: 217 daAuts
    D:11: 141 daAuts
   IceCv: 79 daAuts
